 Dungeon Crawl Stone Soup version 0.29.1-1-gd02db6906a (webtiles) character file.

Game seed: 17274927762125064989

151 NullDivider the Sneak (level 5, -2/31 HPs)
             Began as an Octopode Hedge Wizard on Sept 22, 2022.
             Slain by a goblin
             ... wielding a +0 club
             ... led by Robin
              (5 damage)
             ... on level 2 of the Dungeon.
             The game lasted 00:22:24 (2772 turns).

NullDivider the Sneak (Octopode Hedge Wizard)       Turns: 2772, Time: 00:22:24

Health: -2/31      AC:  1    Str:  9    XL:     5   Next: 33%
Magic:  11/11      EV: 13    Int: 17    God:
Gold:   106        SH:  0    Dex: 13    Spells: 7/12 levels left

rFire   . . .      SeeInvis .   a - +0 dagger
rCold   . . .      Faith    .   (no shield)
rNeg    . . .      Spirit   .   b - +0 hat
rPois   .          Reflect  .   (no amulet)
rElec   .          Harm     .   (no ring)
rCorr   .          Rampage  .   (no ring)
Will    .....                   (no ring)
Stlth   ++++......              (no ring)
HPRegen 0.10/turn               (no ring)
MPRegen 0.12/turn               (no ring)
                                (no ring)
                                (no ring)

@: no status effects
A: almost no armour, amphibious, 8 rings, camouflage 1, gelatinous body 1,
(nimble swimmer 1), tentacles
a: no special abilities


You were on level 2 of the Dungeon.
You visited 1 branch of the dungeon, and saw 3 of its levels.

You collected 130 gold pieces.
You spent 24 gold pieces at shops.

Inventory:

Hand Weapons
 a - a +0 dagger (weapon)
Armour
 b - a +0 hat (worn)
Scrolls
 e - a scroll of enchant weapon {unknown}
 f - 3 scrolls of teleportation
 g - 2 scrolls of fog
 i - 2 scrolls of vulnerability
 j - a scroll of blinking {unknown}
 n - a scroll of amnesia {unknown}
Potions
 c - 3 potions of magic
 d - a potion of lignification {unknown}
 h - a potion of attraction {unknown}
 k - 2 potions of flight
 l - 3 potions of curing {unknown}
 m - a potion of haste {unknown}


   Skills:
 + Level 0.2 Fighting
 + Level 0.5 Short Blades
 + Level 2.4 Dodging
 + Level 5.0 Stealth
 + Level 4.2 Spellcasting
 + Level 1.3 Conjurations
 + Level 1.0 Summonings
 + Level 1.0 Translocations


You had 7 spell levels left.
You knew the following spells:

 Your Spells              Type           Power      Damage    Failure   Level
a - Magic Dart            Conj           32%        1d4       9%          1
b - Blink                 Tloc           14%        N/A       16%         2
c - Call Imp              Summ           7%         N/A       16%         2

Your spell library contained the following spells:

 Spells                   Type           Power      Damage    Failure   Level
 Slow                     Hex            12%        N/A       16%         1
 Sting                    Tmut/Pois      12%        1d3       16%         1
 Poisonous Vapours        Pois/Air       6%         N/A       24%         2
 Conjure Flame            Conj/Fire      5%         6-21      34%         3
 Mephitic Cloud           Conj/Pois/Air  5%         N/A       36%         3
 Portal Projectile        Hex/Tloc       10%        N/A       36%         3
 Tukima's Dance           Hex            3%         N/A       43%         3
 Olgreb's Toxic Radiance  Pois           3%         N/A       83%         4
 Blade Hands              Tmut           1%         N/A       99%         5


Dungeon Overview and Level Annotations

Branches:
Dungeon (3/15)

Altars:

Shops:
D:1 ?

Annotations:
D:2 Robin


Innate Abilities, Weirdness & Mutations

You cannot wear most types of armour.
You are amphibious.
You can wear up to eight rings at the same time.
Your skin changes colour to match your surroundings (Stealth+).
Your rubbery body absorbs attacks. (AC +1, EV +1)
((You are camouflaged when in or above water. (Stealth+)))
You have tentacles for arms and can constrict up to eight enemies at once.


Message History

Your squeeze misses the goblin.
The goblin is moderately wounded.
Robin throws the goblin at you!
You closely miss the goblin. Your grab misses the goblin.
You squeeze the goblin.
You kill the goblin!
Robin throws the goblin at you!
You hit the goblin.
You kill the goblin!
The goblin no longer looks unusually strong. x2
Robin roars a battlecry!
The goblin goes into a battle-frenzy!
You hit the goblin. Your grab misses the goblin.
The goblin is severely wounded.
The goblin barely misses you. Robin barely misses you.
You closely miss the goblin. Your grab misses the goblin.
You squeeze the goblin.
You kill the goblin!
Robin roars a battlecry!
The goblin goes into a battle-frenzy!
You hit the goblin.
You kill the goblin!
A goblin comes into view. It is wielding a +0 club.
Robin says, "A pitiful Octopus like you will never find the ORB!"
Robin barely misses you. Robin hits you with a +0 spear.
Things that are here:
a +0 club; a goblin corpse You hit Robin but do no damage.
Your grab misses Robin.
An endoplasm comes into view.
The goblin hits you with a +0 club.
* * * LOW HITPOINT WARNING * * *
Robin hits you with a +0 spear.
* * * LOW HITPOINT WARNING * * *
You barely miss Robin.
The endoplasm quivers.
You grab Robin. You squeeze Robin.
Robin is moderately wounded.
You constrict Robin. The goblin hits you with a +0 club.
You die...

##.## .....##....# #.# ....#
####.# #.# .... #.# #.# ###.####
#.# #)####......# #)#
#........##.# #.#
##.##....##.#####.##
#.##....>..).g....#####
#.##........@#.#......#
#.###...##..g#.#..###.####
#...........J..g.........#
###########.###).###......##.....
.....# #.###.........#.# ####
.###.# ##......###.g..#.# .###.#
#...##### #....#.# ...#.# #..†#
#......# .#.#.# #...# #.....g.


You could see Robin (resistant), an endoplasm and a goblin (strong).

Vanquished Creatures
  Natasha (thrice) (D:2)
  2 adders (D:2)
  2 dart slugs (D:1)
  6 ball pythons
  3 endoplasms
  2 giant cockroaches
  11 goblins
  3 hobgoblins (D:1)
  A kobold (D:2)
  2 quokkas
  3 bats
  3 frilled lizards
  5 rats
46 creatures vanquished.

Vanquished Creatures (collateral kills)
  4 goblins (D:2)
  2 hobgoblins (D:2)
  A rat (D:2)
7 creatures vanquished.

Grand Total: 53 creatures vanquished

Notes
Turn   | Place    | Note
-------+----------+-------------------------------------------
     0 | D:1      | NullDivider the Octopode Hedge Wizard began the quest for
                  | the Orb.
     0 | D:1      | Reached XP level 1. HP: 11/11 MP: 4/4
   165 | D:1      | Found Haaxa's Magic Scroll Shoppe.
   173 | D:1      | Bought a scroll of identify for 24 gold pieces
   176 | D:1      | Reached XP level 2. HP: 17/17 MP: 6/6
   427 | D:1      | Reached skill level 3 in Stealth
   498 | D:1      | Found a faded altar of an unknown god.
   627 | D:1      | Reached XP level 3. HP: 18/21 MP: 8/8
  1090 | D:2      | Noticed Natasha
  1266 | D:1      | Learned a level 2 spell: Blink
  1321 | D:2      | Reached skill level 4 in Stealth
  1564 | D:2      | Killed Natasha
  1565 | D:2      | Reached XP level 4. HP: 16/27 MP: 8/10
  1569 | D:2      | Noticed Natasha
  2022 | D:2      | Killed Natasha
  2435 | D:2      | Noticed Natasha
  2443 | D:2      | Killed Natasha
  2444 | D:2      | Reached skill level 5 in Stealth
  2444 | D:2      | Reached XP level 5. HP: 7/31 MP: 6/11
  2678 | D:2      | Learned a level 2 spell: Call Imp
  2686 | D:2      | Noticed Robin
  2772 | D:2      | Slain by a goblin

Illustrated notes

Levels and vault maps discovered:
D:1:      dpeg_arrival_tiny_j, layout_loops_ring, serial_shops, shop,
          hellmonk_ecumenical_altar_lost_god, minmay_tetromino_l4
D:2:      layout_loops_cross, minmay_rat_hole, uniq_natasha, uniq_terence,
          uniq_robin
D:3:      cheibrodos_pilgrimage, layout_rooms, old_standard_altar

Skill      XL: |  1  2  3  4 |
---------------+-------------+-----
Stealth        | 3 4 5 |  5.0
Spellcasting   | 4 |  4.2
Fighting       | |  0.2
Short Blades   | |  0.5
Dodging        | |  2.4
Conjurations   | |  1.3
Summonings     | |  1.0
Translocations | |  1.0

Action                   |  1- 3 |  4- 6 || total
-------------------------+-------+-------++-------
Melee: Dagger            |    57 |    44 ||   101
       Constrict         |    13 |     8 ||    21
       Tentacles         |    10 |    13 ||    23
       Punch             |     1 |     1 ||     2
 Cast: Magic Dart        |     4 |     8 ||    12
       Call Imp          |       |     2 ||     2
  Use: Scroll            |     2 |     2 ||     4
 Stab: Sleeping          |    10 |     3 ||    13
Armor: Skin              |     4 |     4 ||     8
Dodge: Dodged            |    34 |    14 ||    48
